 Dungeon Crawl Stone Soup version 0.30.1-4-g462c640d31 (webtiles) character file.

Game seed: 16340322725307373684

82693 Gabide the Destroyer (level 14, -1/118 HPs)
             Began as a Demigod Conjurer on Aug 20, 2023.
             Slain by a swamp worm (16 damage)
             ... called by a spriggan druid
             ... on level 1 of the Swamp.
             The game lasted 00:59:26 (37493 turns).

Gabide the Destroyer (Demigod Conjurer)            Turns: 37493, Time: 00:59:27

Health: -1/118     AC: 10    Str:  2    XL:     14   Next: 90%
Magic:  4/44       EV: 16    Int: 40    God:
Gold:   2063       SH:  0    Dex: 13    Spells: 19/38 levels left

rFire   . . .        b - +3 glaive "Huiz Nom" {holy, Will+ Str-5 Int+5}
rCold   . . .        (shield currently unavailable)
rNeg    + + .        k - +2 robe {rN+}
rPois   +            n - +0 helmet
rElec   .            H - +2 ratskin cloak {*Rats rPois rN+ Str-1 Int-1 Dex+1}
rCorr   .            p - +0 pair of gloves
SInv    .            h - +0 pair of boots
Will    ++...        D - amulet of regeneration
Stlth   ++           T - +4 ring of protection
HPRegen 1.19/turn    r - ring of magical power
MPRegen 0.29/turn

%: no passive effects
@: about to teleport, corroded
A: high MP 1, forlorn, divine attributes
a: no special abilities


You were on level 1 of the Swamp.
You visited 5 branches of the dungeon, and saw 24 of its levels.

You collected 2844 gold pieces.
You spent 781 gold pieces at shops.

Inventory:

Hand Weapons
 a - a +4 rapier of protection
 b - the +3 glaive "Huiz Nom" (weapon) {holy, Will+ Str-5 Int+5}
   (You found it on level 1 of the Lair of Beasts)

   Str:       It affects your strength (-5).
   Int:       It affects your intelligence (+5).
   Will:      It increases your willpower.
Missiles
 g - 3 throwing nets
Armour
 h - a +0 pair of boots (worn)
 k - a +2 robe of positive energy (worn)
 n - a +0 helmet (worn)
 p - a +0 pair of gloves (worn)
 E - a scarf of resistance
 H - the +2 ratskin cloak (worn) {*Rats rPois rN+ Str-1 Int-1 Dex+1}
   (You found it on level 2 of the Lair of Beasts)

   *Rats:     When the wearer is hurt, rats may emerge from it to assist them.
   Str:       It affects your strength (-1).
   Int:       It affects your intelligence (-1).
   Dex:       It affects your dexterity (+1).
   rPois:     It protects you from poison.
   rN:        It protects you from negative energy.
 N - a +2 robe of willpower
 R - the +3 ring mail of Saavveula {rC+}
   (You found it on level 5 of the Lair of Beasts)

   rC:        It protects you from cold.
Jewellery
 r - a ring of magical power (right hand)
 D - an amulet of regeneration (around neck)
 F - a ring of willpower
 K - a ring of see invisible
 O - a ring of wizardry
 S - a ring of protection from cold
 T - a +4 ring of protection (left hand)
Wands
 s - a wand of flame (8)
 u - a wand of paralysis (13)
 w - a wand of polymorph (11)
 J - a wand of roots (16)
 P - a wand of acid (2)
Scrolls
 l - 4 scrolls of teleportation
 m - 6 scrolls of fog
 t - a scroll of immolation
 y - a scroll of poison
 z - 2 scrolls of amnesia
 B - 9 scrolls of identify
 C - 2 scrolls of magic mapping
 G - 2 scrolls of blinking
 M - 2 scrolls of vulnerability
Potions
 c - 7 potions of curing
 d - 4 potions of attraction
 e - 2 potions of lignification
 f - 3 potions of mutation
 j - 4 potions of ambrosia
 o - 3 potions of might
 q - 2 potions of resistance
 v - 5 potions of cancellation
 x - 2 potions of brilliance
 A - 2 potions of berserk rage
 I - 4 potions of haste
 L - 4 potions of flight
 U - a potion of heal wounds
Miscellaneous
 i - a phial of floods
 Q - a tin of tremorstones (2/2)


   Skills:
 + Level 9.4 Fighting
 + Level 9.4 Dodging
 - Level 3.0 Stealth
 * Level 12.5 Spellcasting
 * Level 12.7 Conjurations
 * Level 12.6 Earth Magic


You had 19 spell levels left.
You knew the following spells:

 Your Spells              Type           Power      Damage    Failure   Level
a - Magic Dart            Conj           100%       1d8       0%          1
b - Searing Ray           Conj           100%       2d8       0%          2
c - Hailstorm             Conj/Ice       66%        3d14      1%          3
d - Iskenderun's Mystic   Conj/Tloc      66%        2d14      1%          4
e - Stone Arrow           Conj/Erth      100%       3d13      1%          3
f - Iron Shot             Conj/Erth      45%        9d9       1%          6

Your spell library contained the following spells:

 Spells                   Type           Power      Damage    Failure   Level
 Foxfire                  Conj/Fire      100%       2x1d9     1%          1
 Freeze                   Ice            100%       1d10      1%          1
 Sting                    Tmut/Pois      100%       1d8       1%          1
 Poisonous Vapours        Pois/Air       50%        N/A       1%          2
 Dazzling Flash           Conj/Hex       100%       N/A       1%          3
 Animate Armour           Summ/Erth      100%       N/A       1%          4
 Flame Wave               Conj/Fire      66%        2d15      1%          4
 Fulminant Prism          Conj/Hex       33%        3d16      1%          4
 Leda's Liquefaction      Hex/Erth       33%        N/A       1%          4
 Sticky Flame             Conj/Fire      66%        2d8       1%          4
 Iskenderun's Battlesphe  Conj           91%        2d14      1%          5
 Borgnjor's Vile Clutch   Necr/Erth      33%        N/A       2%          5
 Fireball                 Conj/Fire      33%        3d14      2%          5
 Call Canine Familiar     Summ           25%        N/A       4%          3
 Frozen Ramparts          Ice            50%        1d8       4%          3
 Inner Flame              Hex/Fire       25%        N/A       4%          3
 Portal Projectile        Hex/Tloc       50%        N/A       4%          3
 Tukima's Dance           Hex            25%        N/A       4%          3
 Volatile Blastmotes      Fire/Tloc      50%        2d14      4%          3
 Orb of Destruction       Conj           45%        9d12      6%          7
 Animate Dead             Necr           25%        N/A       14%         4
 Ice Form                 Ice/Tmut       25%        N/A       14%         4
 Olgreb's Toxic Radiance  Pois           25%        N/A       14%         4
 Summon Ice Beast         Ice/Summ       25%        N/A       14%         4
 Conjure Ball Lightning   Conj/Air       33%        3x3d11    16%         6
 Starburst                Conj/Fire      33%        6d10      16%         6
 Blade Hands              Tmut           12%        N/A       36%         5
 Lehudib's Crystal Spear  Conj/Erth      45%        10d11     45%         8
 Death Channel            Necr           12%        N/A       91%         6
 Plasma Beam              Fire/Air       12%        2x1d26    91%         6
 Simulacrum               Ice/Necr       12%        N/A       91%         6
 Fire Storm               Conj/Fire      33%        8d8       100%        9


Dungeon Overview and Level Annotations

Branches:
Dungeon (15/15)            Temple (1/1) D:4            Lair (5/5) D:11
  Swamp (1/4) Lair:3       Spider (0/4) Lair:3        Slime (0/5) Lair:4
    Orc (2/2) D:9             Elf (0/3) Orc:2        Vaults (0/5) D:14
 Depths (0/4) D:15

Shops:
D:1 (   D:2 *   D:9 ?   D:12 ?   Orc:1 (   Orc:2 =*([


Innate Abilities, Weirdness & Mutations

You have an increased reservoir of magic. (+10% MP)
You shall have no god before yourself.
Your divine heritage dramatically boosts your attributes as you level up.


Message History

The four-headed hydra is severely wounded.
The four-headed hydra is knocked back by the mystic blast.
The four-headed hydra slams into the mangrove!
The four-headed hydra is severely wounded.
The mystic blast hits the alligator!
The alligator is severely wounded.
The alligator is knocked back by the mystic blast.
The alligator slams into the mangrove!
The alligator is severely wounded.
The mystic blast hits the swamp worm!!
The swamp worm is heavily wounded.
The swamp worm is knocked back by the mystic blast.
The swamp worm collides with the tyrant leech!
The tyrant leech is severely wounded.
The swamp worm is almost dead.
The swamp worm completely misses you.
Unknown command.
As you read the scroll of teleportation, it crumbles to dust.
You feel strangely unstable. The alligator misses you.
The alligator tail-slaps you but does no damage.
The swamp worm barely misses you. The goliath frog completely misses you.
The swamp worm closely misses you.
The swamp worm fires a harpoon shot at you.
The harpoon shot hits you but does no damage.
The alligator bites you!!
A river rat scurries out from under your cloak.
The alligator closely misses you. The goliath frog barely misses you.
The alligator closely misses you. x2; The swamp worm completely misses you.
You swap places.
The goliath frog hits you from afar.
* * * LOW HITPOINT WARNING * * *
A hell rat scurries out from under your cloak.
The acid corrodes you!
You are splashed with acid.
* * * LOW HITPOINT WARNING * * *
The swamp worm closely misses you. The swamp worm bites your river rat!!
Your river rat dies!
The goliath frog closely misses you. The alligator completely misses you.
The alligator tail-slaps you!
* * * LOW HITPOINT WARNING * * *
The swamp worm bites you!
You die...

~~~ ~~~ ~~~♣ .. ~~§.♣♣
~~♣♣ ♣♣♣.~ ~~~~..♣
♣♣~♣♣♣♣♣♣ ♣~~~~~ ~~~~...
♣♣♣.~~~~~.♣♣.~§~~~
~~~~$.~♣♣.♣w§D~~~~.♣.~~~~~
~~~~...♣F.w♣.~~~~~~.....~~
.~~~~..)tw~♣~...~~~....~~~
♣.~~~~~~.@♣♣♣.~<..~~~~..[~
...~§~~~~.♣ ♣♣♣.~~.~.~~.~.
.♣.~~~~.r.♣ ♣.~~..~..~..
..~.......♣ ♣..~~~..~...
.♣♣.~~~..♣♣ ♣♣.~~~~....#
♣...~~.§♣ ♣♣.......##
♣~^~~~♣♣♣ ♣♣♣♣...##. .♣♣♣♣
..##.. ..#⌠.?


You could see an alligator (strong, swift), a tyrant leech (strong), a goliath
frog (strong), 2 swamp worms and a friendly hell rat.

Vanquished Creatures
  Kirke (D:13)
  An orc warlord (Orc:2)
  A very ugly thing (D:13)
  The ghost of Persimmon the Fighter, a journeyman DECj of Vehumet (Lair:5)
  A fire dragon (Lair:5)
  Snorg (D:13)
  Harold (D:9)
  5 hydras
  A catoblepas (D:13)
  A rakshasa (D:15)
  An ice dragon (Lair:5)
  Erica (D:8)
  3 centaur warriors
  A death knight (D:14)
  3 boulder beetles (D:14)
  A tengu warrior (D:13)
  7 two-headed ogres
  2 orc high priests (Orc:2)
  Urug (D:12)
  A fire crab (shapeshifter) (D:15)
  6 skeletal warriors
  2 skysharks (Lair:5)
  A swamp dragon (Lair:5)
  A spriggan druid (Swamp:1)
  A glowing orange brain (D:15)
  A phantasmal warrior (D:14)
  2 lindwurms (Lair:5)
  4 orc knights
  A harpy (shapeshifter) (D:14)
  3 orc sorcerers (Orc:2)
  4 oklob plants (Lair:3)
  4 deep elf pyromancers (D:12)
  7 ugly things (D:15)
  4 cyclopes
  8 elephants
  4 black mambas
  4 torpor snails (Lair:5)
  2 rime drakes
  A cane toad (Lair:4)
  3 unseen horrors
  A komodo dragon (shapeshifter) (D:14)
  2 gargoyles
  Maggie (D:9)
  2 komodo dragons
  2 kobold demonologists
  2 freezing wraiths
  16 trolls
  A tengu conjurer (D:13)
  3 bloated husks (Swamp:1)
  2 polar bears
  3 tyrant leeches (Lair:5)
  10 blink frogs (Lair:5)
  7 hornets
  A raiju (shapeshifter) (D:14)
  A centaur simulacrum (D:14)
  Sigmund (D:5)
  9 slime creatures
  A shadow (D:11)
  4 wraiths
  2 spriggans
  2 wyverns
  35 yaks
  3 vampires (D:12)
  5 basilisks
  Eustachio (D:5)
  4 hogs (D:13)
  4 steam dragons
  3 redbacks (Lair:3)
  8 vampire mosquitoes
  Menkaure (D:5)
  A swamp worm (Swamp:1)
  6 acid dragons
  3 wargs (Orc:2)
  9 water moccasins
  A swamp drake (Lair:5)
  3 ice beasts (D:7)
  4 black bears
  31 orc warriors
  2 sky beasts
  14 ogres
  16 wolves
  7 centaurs
  The ghost of Almogavar the Conjurer, an amateur DECj (D:4)
  8 bullfrogs
  5 kobold brigands
  4 scorpions
  6 gnoll sergeants
  3 wights (D:9)
  7 howler monkeys
  3 electric eels
  A crimson imp (D:4)
  A bullfrog zombie (D:4)
  8 orc priests
  6 hounds
  3 jellies
  2 gnoll boudas
  3 iron imps (D:6)
  4 iguanas
  2 sleepcaps
  16 orc wizards
  A hound zombie (D:4)
  A boggart simulacrum (D:15)
  24 gnolls
  7 adders
  An ufetubus (D:5)
  4 worms
  54 orcs
  7 ball pythons
  2 bats
  5 endoplasms
  2 giant cockroaches (D:2)
  8 hobgoblins
  4 jackals (D:2)
  31 kobolds
  3 quokkas
  4 frilled lizards
  9 goblins
  2 goblin skeletons (D:4)
  A goblin zombie (D:4)
  4 hobgoblin zombies (D:4)
  A kobold skeleton (D:4)
  A kobold zombie (D:4)
  3 orc skeletons (D:4)
  An orc zombie (D:4)
  3 rats
598 creatures vanquished.

Vanquished Creatures (collateral kills)
  A torpor snail (Lair:5)
1 creature vanquished.

Vanquished Creatures (others)
  A wizard (D:7)
  A spriggan (Swamp:1)
2 creatures vanquished.

Grand Total: 601 creatures vanquished

Notes
Turn   | Place    | Note
-------+----------+-------------------------------------------
     0 | D:1      | Gabide the Demigod Conjurer began the quest for the Orb.
     0 | D:1      | Reached XP level 1. HP: 14/14 MP: 5/5
   142 | D:1      | Found Asako's Weapon Boutique.
   297 | D:1      | Reached XP level 2. HP: 20/20 MP: 5/7
  1210 | D:2      | Reached XP level 3. HP: 27/27 MP: 5/8
  1401 | D:2      | Found Pagir's Assorted Antiques.
  1497 | D:2      | Bought a scroll of teleportation for 81 gold pieces
  1497 | D:2      | Bought a green potion for 24 gold pieces
  2116 | D:2      | Learned a level 2 spell: Searing Ray
  2388 | D:3      | Reached skill level 1 in Fighting
  2533 | D:3      | Reached XP level 4. HP: 35/35 MP: 5/10
  3601 | D:4      | Reached XP level 5. HP: 40/40 MP: 6/12
  3758 | D:4      | Found a staircase to the Ecumenical Temple.
  3762 | D:4      | Noticed an ogre
  3771 | D:4      | Killed an ogre
  3774 | Temple   | Entered the Ecumenical Temple
  4045 | D:4      | Noticed an ogre
  4052 | D:4      | Killed an ogre
  4053 | D:4      | Reached XP level 6. HP: 19/48 MP: 5/14
  4180 | D:4      | Found a runed translucent gate.
  4180 | D:4      | Found a runed translucent gate.
  4180 | D:4      | Found a runed translucent gate.
  4180 | D:4      | Noticed Almogavar's ghost (amateur DECj)
  4240 | D:4      | Reached skill level 5 in Conjurations
  5019 | D:4      | Killed Almogavar's ghost
  5020 | D:4      | Reached XP level 7. HP: 53/56 MP: 10/16
  5114 | D:5      | Entered Level 5 of the Dungeon
  5327 | D:5      | Noticed Eustachio
  5346 | D:5      | Killed Eustachio
  5528 | D:5      | Noticed Menkaure
  5535 | D:5      | Killed Menkaure
  5735 | D:5      | Reached XP level 8. HP: 63/63 MP: 12/18
  5944 | D:5      | Reached skill level 5 in Spellcasting
  6417 | D:5      | Noticed Sigmund
  6431 | D:5      | Killed Sigmund
  7528 | D:6      | Reached XP level 9. HP: 59/72 MP: 14/22
  8080 | D:7      | Reached skill level 5 in Dodging
  8614 | D:7      | Reached skill level 5 in Fighting
  9366 | D:7      | Noticed a wizard
  9369 | D:7      | Killed a wizard
  9592 | D:8      | Noticed Erica
  9817 | D:8      | Killed Erica
  9818 | D:8      | Reached XP level 10. HP: 21/81 MP: 13/25
 10348 | D:8      | Noticed a two-headed ogre
 10356 | D:8      | Killed a two-headed ogre
 11224 | D:9      | Noticed Maggie
 11224 | D:9      | Noticed a two-headed ogre
 11250 | D:9      | Killed a two-headed ogre
 11509 | D:9      | Killed Maggie
 12171 | D:9      | Noticed a two-headed ogre
 12231 | D:9      | Killed a two-headed ogre
 12232 | D:9      | Reached skill level 10 in Conjurations
 12232 | D:9      | Reached XP level 11. HP: 9/91 MP: 20/28
 12484 | D:9      | Found Cafil's Magic Scroll Shop.
 12489 | D:9      | Bought a scroll of identify for 34 gold pieces
 12489 | D:9      | Bought a scroll of identify for 34 gold pieces
 12489 | D:9      | Bought a scroll of teleportation for 51 gold pieces
 12489 | D:9      | Bought a scroll of identify for 34 gold pieces
 12489 | D:9      | Bought a scroll of fog for 68 gold pieces
 12489 | D:9      | Bought a scroll of enchant weapon for 127 gold pieces
 12489 | D:9      | Bought a scroll of fear for 68 gold pieces
 12835 | D:9      | Noticed Harold
 12848 | D:9      | Killed Harold
 13216 | D:9      | Found a staircase to the Orcish Mines.
 13441 | D:8      | Learned a level 3 spell: Hailstorm
 13446 | D:8      | Learned a level 4 spell: Iskenderun's Mystic Blast
 13771 | D:10     | Entered Level 10 of the Dungeon
 14340 | D:10     | Learned a level 3 spell: Stone Arrow
 14895 | D:11     | Found a staircase to the Lair.
 14977 | D:11     | Noticed a two-headed ogre
 14981 | D:11     | Killed a two-headed ogre
 15398 | D:11     | Noticed a two-headed ogre
 15404 | D:11     | Killed a two-headed ogre
 15541 | D:11     | Reached skill level 10 in Spellcasting
 15913 | D:12     | Noticed Urug
 15931 | D:12     | Killed Urug
 16010 | D:12     | Noticed a deep elf pyromancer
 16014 | D:12     | Killed a deep elf pyromancer
 16222 | D:12     | Reached XP level 12. HP: 92/100 MP: 9/30
 17262 | D:12     | Found Solozut's Magic Scroll Emporium.
 17449 | D:13     | Noticed a centaur warrior
 17459 | D:13     | Killed a centaur warrior
 17623 | D:13     | Noticed Kirke
 17634 | D:13     | Noticed a catoblepas
 17641 | D:13     | Killed Kirke
 17648 | D:13     | Killed a catoblepas
 17669 | D:13     | Noticed Snorg
 18383 | D:13     | Killed Snorg
 19361 | D:13     | Reached XP level 13. HP: 45/111 MP: 0/33
 19685 | D:14     | Reached skill level 1 in Earth Magic
 19824 | D:14     | Found a gate to the Vaults.
 20994 | D:14     | Reached skill level 5 in Earth Magic
 21409 | D:15     | Entered Level 15 of the Dungeon
 21948 | Lair:1   | Entered Level 1 of the Lair of Beasts
 21972 | Lair:1   | Identified the +3 glaive "Huiz Nom" {holy, Will+ Str-5
                  | Int+5}
 22870 | Lair:1   | Identified a scroll of acquirement
 22871 | Lair:1   | Acquired Viffeob's Incunable of Vehement Incineration
 22880 | Lair:1   | Learned a level 6 spell: Iron Shot
 23245 | Lair:2   | Found the +2 ratskin cloak {*Rats rPois rN+ Str-1 Int-1
                  | Dex+1}
 23335 | Lair:2   | You fall into a shaft and drop 1 floor!
 24628 | Lair:3   | Found a hole to the Spider Nest.
 25400 | Lair:3   | Found a staircase to the Swamp.
 26189 | Lair:4   | Found a staircase to the Slime Pits.
 27417 | Lair:5   | Entered Level 5 of the Lair of Beasts
 27648 | Lair:5   | Noticed Persimmon's ghost (journeyman DECj)
 27650 | Lair:5   | Found a transporter.
 27990 | Lair:5   | Reached skill level 10 in Earth Magic
 28388 | Lair:5   | Reached XP level 14. HP: 118/118 MP: 10/35
 28797 | Lair:5   | Found a transporter.
 29127 | Lair:5   | Found a runed translucent door.
 29728 | Lair:5   | Paralysed by a hornet for 3 turns
 30259 | Lair:5   | Identified the +3 ring mail of Saavveula {rC+}
 30624 | Lair:5   | Killed Persimmon's ghost
 32895 | D:15     | Found a staircase to the Depths.
 33442 | Swamp:1  | Entered Level 1 of the Swamp
 33741 | Orc:1    | Entered Level 1 of the Orcish Mines
 33827 | Orc:2    | Entered Level 2 of the Orcish Mines
 34743 | Orc:2    | Noticed an orc warlord
 34744 | Orc:2    | Found Bilueqir's Jewellery Shop.
 34750 | Orc:2    | Killed an orc warlord
 35145 | Orc:2    | Bought a ring of magical power for 260 gold pieces
 35566 | Orc:2    | Found a staircase to the Elven Halls.
 35587 | Orc:2    | Found Ilaoblom's General Store.
 35848 | Orc:2    | Found Acrituv's Antique Armour Shop.
 36036 | Orc:2    | Found Caffa's Antique Weapon Emporium.
 36657 | Orc:1    | Found Avymeu's Antique Weapon Emporium.
 37493 | Swamp:1  | Slain by a swamp worm

Illustrated notes

Levels and vault maps discovered:
D:1:      wander_arrival_peaceful_grave, layout_rooms, serial_shops,
          nicolae_shop_bloodbath_and_beyond, corexii_item_surrounded_by_moat,
          serial_bayou_lagoon_a
D:2:      layout_basic, basic_altar, serial_shops, nicolae_shop_rolling_square,
          corexii_hall_statues_s, minmay_worlds_worst_comb
D:3:      layout_basic, kennysheep_orc_sif_temple, nrook_loot_triangle,
          dk_noncrumbling_2, chequers_serial_rivers_large_b
D:4:      layout_rooms, mainiacjoe_overflow_brackets,
          nicolae_yredelemnul_ghost_church, mainiacjoe_overflow_catwalk,
          nicolae_tso_besieged_by_evil, minmay_temple_entry_steel_oval
D:5:      layout_gridville, mainiacjoe_overflow_cross_hatched,
          nicolae_dithmenos_through_a_glass_darkly, amcnicky_mini_pool_small,
          uniq_eustachio, uniq_menkaure, uniq_sigmund
D:6:      layout_basic, demons_altar
D:7:      layout_loops_corners, trog_wizard, grunt_temple_overflow_open,
          nicolae_ru_path_of_blood
D:8:      layout_basic, mainiacjoe_overflow_surrounded_room,
          hangedman_abyss_or_decor_slice, uniq_erica
D:9:      layout_cave_pools, kennysheep_orc_monster_closet_entryway,
          serial_shops, nicolae_shop_hallway_stairs, minmay_stone_trees_medium,
          uniq_maggie, uniq_harold
D:10:     layout_cross, ashenzari_conservatory_becter, serial_park,
          serial_park_fountain, serial_park_tiny_1, serial_park_square3
          [serial_park_minivault_5x5_5]
D:11:     layout_cave_pools, erik_lair_island
D:12:     layout_cave_pools, serial_shops, kennysheep_little_box,
          small_statue_intersection, kennysheep_kite_vault, uniq_urug
D:13:     layout_basic, uniq_snorg, uniq_kirke
D:14:     layout_irregular_city, david_vaults_2
D:15:     gammafunk_enter_depths_forms, layout_basic, nicolae_benzene_ring
Temple:   nicolae_temple_bog_church
Lair:1:   layout_regular_city, grunt_forest_large_clearing_hut
Lair:2:   layout_roguey
Lair:3:   layout_layer_cave, swamp_mist, spider_nest_entry_webs, basic_altar,
          gauntlet_entry_generic, dpeg_oklob_1
Lair:4:   layout_loops_ring, slime_entry_1, serial_bayou_shore_b,
          serial_bayou_shore_b, serial_bayou_shore_b
Lair:5:   guppyfry_lair_end_dragon, layout_cave_pods, wormcave,
          nzn_ghost_randoct, serial_bayou_shore_b
Swamp:1:  layout_basic_swamp, hellmonk_ghost_happy_afterlife,
          evilmike_swamp_ruin_house_5, nicolae_swamp_super_fun_site,
          uniq_frances
Orc:1:    layout_caves, serial_shops, nicolae_shop_tiny_real_fake_doors,
          basic_altar, trog_butcher_becter
Orc:2:    grunt_orc_gardens, layout_diamond_mine, grunt_orc_garden,
          grunt_orc_garden, grunt_orc_garden, grunt_orc_garden,
          lightli_volcano_entry_magma_tube

Skill      XL: |  1  2  3  4  5  6  7  8  9 10 11 12 13 14 |
---------------+-------------------------------------------+-----
Spellcasting   | 2 3 4 6 7 8 10 11 12 | 12.5
Stealth        | 2 3 |  3.0
Dodging        | 2 3 4 5 6 7 9 |  9.4
Conjurations   | 4 5 6 7 8 10 11 12 | 12.7
Fighting       | 1 2 3 4 5 6 7 9 |  9.4
Earth Magic    | 10 12 | 12.6

Action                     |  1- 3 |  4- 6 |  7- 9 | 10-12 | 13-15 || total
---------------------------+-------+-------+-------+-------+-------++-------
  Melee: Unarmed           |    17 |     4 |     4 |       |       ||    25
         Punch             |     1 |       |       |     3 |       ||     4
         Quarterstaff      |       |    16 |       |       |       ||    16
         Rapier            |       |       |       |    77 |    15 ||    92
         Glaive            |       |       |       |       |    57 ||    57
  Throw: Throwing net      |       |       |       |     3 |       ||     3
   Cast: Magic Dart        |   110 |    97 |    68 |     8 |       ||   283
         Searing Ray       |       |    11 |    63 |    74 |       ||   148
         Stone Arrow       |       |       |       |   196 |   131 ||   327
         Hailstorm         |       |       |       |    48 |    13 ||    61
         Iskenderun's Myst |       |       |       |    27 |    18 ||    45
         Iron Shot         |       |       |       |       |   313 ||   313
  Evoke: Wand              |       |       |     7 |     7 |       ||    14
    Use: Scroll            |     9 |     3 |     6 |    14 |    12 ||    44
         Potion            |       |       |       |    13 |     1 ||    14
   Stab: Paralysed         |       |       |       |     5 |       ||     5
         Distracted        |       |       |       |       |     1 ||     1
 Armour: Robe              |    14 |    14 |    27 |   103 |    94 ||   252
  Dodge: Dodged            |    35 |    31 |    57 |   309 |   329 ||   761
